 Dungeon Crawl Stone Soup version 0.24.0-13-gcf9b319 (webtiles) character file.

Game seed: 6376048084949981753, levelgen mode: deterministic

57 Balder the Slasher (level 3, 0/30 HPs)
             Began as a Minotaur Gladiator on Nov 11, 2019.
             Slain by a wight
             ... wielding a +0 spear
              (3 damage)
             ... on level 2 of the Dungeon.
             The game lasted 00:03:59 (977 turns).

Balder the Slasher (Minotaur Gladiator)              Turns: 977, Time: 00:04:00

Health: 0/30       AC:  6    Str: 18    XL:     3   Next: 73%
Magic:  2/2        EV: 11    Int:  5    God:
Gold:   49         SH:  0    Dex: 12    Spells: 2/2 levels left

rFire    . . .     SeeInvis .   a - +0 long sword
rCold    . . .     Gourm    .   (no shield)
rNeg     . . .     Faith    .   k - +0 scale mail
rPois    .         Spirit   .   c - +0 hat
rElec    .         Reflect  .   (no cloak)
rCorr    .         Harm     .   (no gloves)
MR       .....                  (no boots)
Stlth    ..........             (no amulet)
HPRegen  0.10/turn              (no ring)
MPRegen  0.08/turn              (no ring)

@: lightly drained
A: retaliatory headbutt, horns 2
a: no special abilities


You were on level 2 of the Dungeon.
You were not hungry.

You visited 1 branch of the dungeon, and saw 2 of its levels.

You collected 49 gold pieces.

Inventory:

Hand Weapons
 a - a +0 long sword (weapon)
Missiles
 d - 3 throwing nets (quivered)
Armour
 c - a +0 hat (worn)
 k - a +0 scale mail (worn)
 o - a +0 leather armour of poison resistance
Scrolls
 b - a scroll of fog {unknown}
 e - a scroll of remove curse {unknown}
 g - a scroll of blinking {unknown}
 h - a scroll of random uselessness {unknown}
 i - 2 scrolls of teleportation {unknown}
 j - a scroll of noise {unknown}
Potions
 m - a potion of heal wounds {unknown}
 n - a potion of degeneration {unknown}
Comestibles
 f - 3 rations


   Skills:
 + Level 2.9(2.3) Fighting
 + Level 4.3(3.8) Long Blades
 + Level 2.4(1.9) Throwing
 + Level 0.2(0.0) Armour
 + Level 4.1(3.5) Dodging


You had 2 spell levels left.
You didn't know any spells.
Your spell library was empty.

Dungeon Overview and Level Annotations

Branches:
Dungeon (2/15)

Altars:
Wu Jian
Yredelemnul


Innate Abilities, Weirdness & Mutations

You reflexively headbutt those who attack you in melee.
You have a pair of horns on your head.


Message History

You have reached level 3!
Your experience leads to an increase in your attributes!
Increase (S)trength, (I)ntelligence, or (D)exterity?
You feel agile.
The wight hits you from afar with a +0 spear.
* * * LOW HITPOINT WARNING * * *
You feel drained.
You feel better. The wight completely misses you.
The wight hits you with a +0 spear.
* * * LOW HITPOINT WARNING * * *
You feel drained.
* * * LOW HITPOINT WARNING * * *
You hit the wight. You headbutt the wight!
The wight is severely damaged.
The wight barely misses you. x2; You furiously retaliate!
You headbutt the wight, but do no damage.
You hit the wight.
The wight is almost destroyed.
The wight hits you with a +0 spear.
You die...

...............#
...............#
.................#
.............g..z#
...........###.#g#
..........>....#g#
.........#######z#
.........#######z#
...##..........#@#
# #.#######.##.# #
#.# ###.##.# #
#.### #......# #
##...# #.######
####....###.#
....._......#
###....####.#
#...## #.#


You could see 3 wights and 2 goblins.

Vanquished Creatures
  A wight (D:2)
  A goblin (D:1)
  3 hobgoblins (D:1)
  4 kobolds
  A quokka (D:2)
  2 ball pythons
  5 bats
  A rat (D:1)
18 creatures vanquished.

Notes
Turn   | Place    | Note
-------+----------+-------------------------------------------
     0 | D:1      | Balder the Minotaur Gladiator began the quest for the Orb.
     0 | D:1      | Reached XP level 1. HP: 18/18 MP: 0/0
   203 | D:1      | Reached XP level 2. HP: 25/25 MP: 1/1
   735 | D:2      | Found a basalt altar of Yredelemnul.
   893 | D:2      | Found an ornate altar of the Wu Jian Council.
   946 | D:2      | Noticed a wight
   947 | D:2      | Noticed a wight
   948 | D:2      | Noticed a wight
   949 | D:2      | Noticed a wight
   971 | D:2      | Killed a wight
   971 | D:2      | Reached XP level 3. HP: 7/30 MP: 2/2
   977 | D:2      | Slain by a wight

Levels and vault maps discovered:
D:1:      kennysheep_arrival_forest, layout_basic
D:2:      layout_basic, nicolae_overflow_crystal_walls,
          yredelemnul_altar_generic, gammafunk_temple_overflow_wave,
          first_ration

Skill      XL: |  1  2 |
---------------+-------+-----
Long Blades    | 4 |  4.3
Dodging        | 4 |  4.1
Fighting       | |  2.9
Throwing       | |  2.4
Armour         | |  0.2

Action                   || total
-------------------------++-------
Melee: Long sword        ||    30
       Headbutt          ||     5
  Use: Potion            ||     2
Armor: Leather armour    ||     4
       Scale mail        ||    12
Dodge: Dodged            ||    39
       Rpst.: Long sword ||     8
